 Dungeon Crawl Stone Soup version 0.28.0-43-g3370ac3207 (webtiles) character file.

Game seed: 13593651861551249652

4 crimpus the Firebug (level 1, -1/10 HPs)
             Began as a Deep Elf Fire Elementalist on Mar 13, 2022.
             Slain by a quokka (3 damage)
             ... on level 1 of the Dungeon.
             The game lasted 00:00:27 (260 turns).

crimpus the Firebug (Deep Elf Fire Elementalist)     Turns: 260, Time: 00:00:28

Health: -1/10      AC:  2    Str:  5    XL:     1   Next: 58%
Magic:  1/6        EV: 12    Int: 19    God:
Gold:   0          SH:  0    Dex: 15    Spells: 5/6 levels left

rFire   . . .      SeeInvis .   (no weapon)
rCold   . . .      Faith    .   (no shield)
rNeg    . . .      Spirit   .   a - +0 robe
rPois   .          Reflect  .   (no helmet)
rElec   .          Harm     .   (no cloak)
rCorr   .          Rampage  .   (no gloves)
Will    .....                   (no boots)
Stlth   ++........              (no amulet)
HPRegen 0.03/turn               (no ring)
MPRegen 0.10/turn               (no ring)

@: no status effects
A: no striking features
a: no special abilities


You were on level 1 of the Dungeon.
You visited 1 branch of the dungeon, and saw 1 of its levels.

Inventory:

Armour
 a - a +0 robe (worn)
Scrolls
 e - a scroll of identify {unknown}
Potions
 b - a potion of mutation {unknown}
 c - a potion of resistance {unknown}
 d - a potion of attraction {unknown}


   Skills:
 + Level 2.4 Dodging
 + Level 2.4 Stealth
 + Level 3.1 Spellcasting
 + Level 1.1 Conjurations
 + Level 3.6 Fire Magic


You had 5 spell levels left.
You knew the following spells:

 Your Spells              Type           Power      Damage    Failure   Level
a - Foxfire               Conj/Fire      44%        2x1d6     6%          1

Your spell library contained the following spells:

 Spells                   Type           Power      Damage    Failure   Level
 Scorch                   Fire           32%        2d6       5%          2
 Conjure Flame            Conj/Fire      11%        6-21      17%         3
 Inner Flame              Hex/Fire       9%         N/A       22%         3
 Flame Wave               Conj/Fire      11%        2d5       50%         4


Dungeon Overview and Level Annotations

Branches:
Dungeon (1/15)

Altars:


Message History

You hit the ball python.
You kill the ball python!
Your foxfire dissipates!
No target in view!
Your foxfire dissipates! x2
e - a scroll labelled WEUKHU YGYF You see here 5 arrows.
A ball python comes into view.
The ball python hisses angrily.
A ball python is nearby!
You conjure some foxfire!
A quokka comes into view.
You conjure some foxfire!
The foxfire hits the ball python.
The ball python is severely wounded.
You conjure some foxfire!
The foxfire hits the ball python.
You kill the ball python!
You conjure some foxfire!
You miscast Foxfire.
You are very lightly contaminated with residual magic.
Nothing appears to happen.
The foxfire hits the quokka.
The quokka is lightly wounded.
Your foxfire dissipates!
You miscast Foxfire.
Nothing appears to happen.
Your foxfire dissipates! x2
The quokka bites you.
You are too depleted to draw on your mana recklessly!
You are too depleted to draw on your mana recklessly!
A quokka is nearby!
You conjure some foxfire!
The quokka barely misses you. The quokka bites you.
Your foxfire dissipates!
The foxfire hits the quokka.
The quokka is almost dead.
The quokka bites you.
* * * LOW HITPOINT WARNING * * *
A goblin comes into view. It is wielding a +0 dagger.
The quokka closely misses you.
You open the door. The quokka closely misses you.
Your magical contamination has completely faded away.
There is an open door here.
The quokka bites you.
You die...

.≈≈≈#.# 8.P≈#.#
.≈≈≈#.# P≈≈##.#
≈≈##.## # ≈##..# #.
##...## .####.###
.###..# ........#
......# #.#@#
......# #..r##
......+##########'#
......†#........#.#
.###.#............#
. #.###......#.###
#.#....(...#.#
..######.#.#.#
.......†.#.#g#


You could see a quokka.

Vanquished Creatures
  3 ball pythons (D:1)
  A goblin (D:1)
  A rat (D:1)
5 creatures vanquished.

Vanquished Creatures (others)
  40 foxfires (D:1)
40 creatures vanquished.

Grand Total: 45 creatures vanquished

Notes
Turn   | Place    | Note
-------+----------+-------------------------------------------
     0 | D:1      | crimpus the Deep Elf Fire Elementalist began the quest for
                  | the Orb.
     0 | D:1      | Reached XP level 1. HP: 10/10 MP: 6/6
   260 | D:1      | Slain by a quokka

Illustrated notes

Levels and vault maps discovered:
D:1:      lightli_arrival_statuegarden, layout_basic, roderic_st_hans_cross,
          minmay_small_reverse_x

Action                   || total
-------------------------++-------
Melee: Unarmed           ||     1
 Cast: Foxfire           ||    23
Dodge: Dodged            ||     3
